AoeStats
← kevinrgarciab

Arena

510021657Analyzed
2v2 RM · 3d ago on Sep 29, 2026· 45m 14s· 4 players
Game mode
Random Map
Map size
Medium (4 player)
Population
200
Speed
Normal
Resources
Standard
Victory
Conquest
Starting age
Dark Age
Ending age
Imperial Age
RankedLock teamsTeams togetherTeam positionsShared explorationLock speedFull tech treeHidden civsTurbo modeCheats
Victory
Defeat
🇻🇪 Mongols · Venezuela
979
+15
🇦🇷 Maya · Argentina
954
+16
🇳🇱 Huns · Netherlands
997
-17
🇦🇺 Varangians · Australia
922
-14
Chelo Salas
10:42 Feudal Age
11:10 Double-Bit Axe
16:06 Castle Age
15:02 Horse Collar
18:02 Forging
20:00 Loom
20:50 Wheelbarrow
20:01 Town Watch
27:55 Imperial Age
26:19 Fletching
27:03 Bow Saw
27:29 Bodkin Arrow
28:33 Gold Mining
28:34 Stone Mining
32:17 Hand Cart
33:00 Conscription
33:04 Ballistics
32:48 Bracer
32:49 Padded Archer Armor
34:04 Elite Plumed Archer
35:58 Leather Archer Armor
40:14 Capped Ram
41:32 Town Patrol
kevinrgarciab
11:48 Feudal Age
13:03 Double-Bit Axe
15:41 Castle Age
14:19 Horse Collar
16:40 Heavy Plow
16:53 Bow Saw
20:15 Wheelbarrow
22:33 Stone Mining
23:01 Gold Mining
27:58 Imperial Age
25:43 Loom
25:45 Town Watch
26:20 Hand Cart
27:42 Gold Shaft Mining
28:32 Ballistics
28:23 Fletching
28:36 Padded Archer Armor
28:42 Scale Barding Armor
28:49 Forging
29:32 Conscription
28:47 Elite Mangudai
28:51 Capped Ram
29:53 Siege Ram
31:38 Bodkin Arrow
32:04 Chain Barding Armor
32:20 Iron Casting
32:03 Leather Archer Armor
33:13 Chemistry
32:25 Masonry
32:52 Drill
34:11 Stone Shaft Mining
33:46 Bracer
38:53 Bloodlines
42:33 Heavy Camel Rider
danglejoe
4:48 Loom
11:16 Feudal Age
16:00 Castle Age
14:33 Double-Bit Axe
14:33 Horse Collar
18:17 Loom
19:38 Bow Saw
29:10 Imperial Age
27:52 Wheelbarrow
27:34 Scale Barding Armor
28:23 Heavy Plow
28:37 Forging
34:02 Two-Man Saw
33:47 Hand Cart
35:28 Vendel Legacy
36:00 Cavalier
39:08 Chain Barding Armor
41:23 Bloodlines
HalidBinVelid
11:52 Feudal Age
13:21 Double-Bit Axe
13:18 Horse Collar
16:19 Castle Age
14:06 Loom
16:39 Wheelbarrow
17:12 Forging
23:51 Bow Saw
25:50 Bloodlines
26:08 Scale Barding Armor
26:06 Gold Mining
26:35 Husbandry
27:37 Chain Barding Armor
27:34 Heavy Plow
29:00 Town Watch
29:54 Iron Casting
32:35 Imperial Age
30:36 Hand Cart
30:22 Town Patrol
30:19 Fletching
32:38 Gold Shaft Mining
32:40 Cavalier
34:53 Two-Man Saw
34:23 Conscription
37:41 Plate Barding Armor
38:08 Blast Furnace
36:32 Paladin
37:49 Elite Skirmisher
37:58 Elite Tarkan
39:44 Bodkin Arrow
39:50 Padded Archer Armor
41:12 Thumb Ring
44:51 Leather Archer Armor
Connection lost

Rejoining the realm…

Still unreachable

The connection could not be restored.

Session expired

The server has moved on; the page needs a fresh start.